 Dungeon Crawl Stone Soup version 0.29-a0-520-gc852659d43 (webtiles) character file.

Game seed: 5963662013750579505

603 KateP the Slasher (level 7, -3/62 HPs)
             Began as a Minotaur Fighter on May 31, 2022.
             Was an Initiate of Ru.
             Slain by a gnoll
             ... wielding a +0 halberd
             ... led by a gnoll sergeant
              (4 damage)
             ... on level 5 of the Dungeon.
             The game lasted 00:05:08 (3691 turns).

KateP the Slasher (Minotaur Fighter)                Turns: 3691, Time: 00:05:09

Health: -3/62      AC: 11    Str: 22    XL:     7   Next: 18%
Magic:  6/6        EV:  9    Int:  5    God:    Ru [......]
Gold:   150        SH:  4    Dex: 10    Spells: 6/6 levels left

rFire   . . .      SeeInvis .   a - +0 long sword
rCold   . . .      Faith    .   c - +0 buckler
rNeg    . . .      Spirit   .   b - +0 scale mail
rPois   .          Reflect  .   (helmet restricted)
rElec   .          Harm     .   (no cloak)
rCorr   .          Rampage  .   (no gloves)
Will    .....                   (no boots)
Stlth   ..........              (no amulet)
HPRegen 0.20/turn               p - +4 ring of protection
MPRegen 0.10/turn               (no ring)

@: mighty
A: horns 2, retaliatory headbutt
a: Renounce Religion


You were on level 5 of the Dungeon.
You worshipped Ru.
Ru was noncommittal.
You visited 2 branches of the dungeon, and saw 6 of its levels.

You collected 150 gold pieces.

Inventory:

Hand Weapons
 a - a +0 long sword (weapon)
Armour
 b - a +0 scale mail (worn)
 c - a +0 buckler (worn)
Jewellery
 p - a +4 ring of protection (left hand)
 t - a ring of protection from fire
Scrolls
 f - a scroll of blinking {unknown}
 h - a scroll of teleportation {unknown}
 i - 5 scrolls of identify {unknown}
 j - a scroll of acquirement {unknown}
 k - a scroll of enchant weapon {unknown}
 l - 3 scrolls of vulnerability {unknown}
 n - a scroll of fear {unknown}
 r - a scroll of silence {unknown}
 s - a scroll of fog {unknown}
Potions
 e - 2 potions of curing {unknown}
 g - 2 potions of attraction {unknown}
 m - 3 potions of flight {unknown}
 o - a potion of brilliance {unknown}
 q - a potion of lignification {unknown}
 u - a potion of resistance {unknown}


   Skills:
 + Level 5.8 Fighting
 * Level 7.0 Long Blades
 + Level 5.8 Armour
 - Level 3.6 Shields


You had 6 spell levels left.
You didn't know any spells.
Your spell library contained the following spells:

 Spells                   Type           Power      Damage    Failure   Level
 Foxfire                  Conj/Fire      0%         2x1d4     86%         1
 Conjure Flame            Conj/Fire      0%         6-21      99%         3
 Inner Flame              Hex/Fire       0%         N/A       99%         3
 Flame Wave               Conj/Fire      0%         2d4       100%        4
 Ice Form                 Ice/Tmut       0%         N/A       100%        4
 Eringya's Noxious Bog    Tmut/Pois      0%         N/A       100%        6


Dungeon Overview and Level Annotations

Branches:
Dungeon (5/15)             Temple (1/1) D:4

Altars:
Cheibriados
Kikubaaqudgha
Qazlal
Ru
Sif Muna
Vehumet
Wu Jian
Xom
Yredelemnul
Zin

Shops:
D:3 ?

Portals:
Abyss: D:5

Annotations:
D:5 2 transporters, Morbidden's ghost, novice NaEn


Innate Abilities, Weirdness & Mutations

You have a pair of horns on your head.
You reflexively headbutt those who attack you in melee.


Message History

The gnoll hits you from afar with a +0 halberd.
You are too injured to fight recklessly!
You are too injured to fight recklessly!
You are too injured to fight recklessly!
The gnoll closely misses you.
The gnoll sergeant hits you with a +2 vampiric spear.
You see here a +0 whip.
You hit the gnoll sergeant but do no damage.
You block the gnoll's attack.
The gnoll sergeant hits you but does no damage.
You hit the gnoll sergeant but do no damage.
You headbutt the gnoll sergeant!
The gnoll sergeant is moderately wounded.
The gnoll barely misses you. You furiously retaliate!
You headbutt the gnoll.
The gnoll sergeant hits you with a +2 vampiric spear.
You hit the gnoll sergeant.
Your headbutt misses the gnoll sergeant.
The gnoll sergeant is heavily wounded.
The gnoll barely misses you. The gnoll sergeant closely misses you.
You furiously retaliate!
You headbutt the gnoll sergeant. You barely miss the gnoll sergeant.
You headbutt the gnoll sergeant, but do no damage.
The gnoll sergeant is severely wounded.
The gnoll closely misses you.
The gnoll sergeant hits you with a +2 vampiric spear.
The gnoll sergeant draws strength from your wounds!
You barely miss the gnoll sergeant.
The gnoll sergeant is moderately wounded.
The gnoll closely misses you. You furiously retaliate!
You headbutt the gnoll.
The gnoll sergeant hits you with a +2 vampiric spear!
* * * LOW HITPOINT WARNING * * *
The gnoll sergeant draws strength from your wounds!
You feel very mighty all of a sudden. The gnoll hits you with a +0 halberd!
* * * LOW HITPOINT WARNING * * *
The gnoll sergeant hits you with a +2 vampiric spear.
* * * LOW HITPOINT WARNING * * *
The gnoll sergeant draws strength from your wounds!
The gnoll sergeant blocks your attack. The gnoll hits you with a +0 halberd.
You die...

#.# #....#
∩.#....##.###..... ..#
#...##.#.# #...##.##...#.
...
....#...#.W##.†##5##...#.
### #...#
.=..x5#..#..#....#.
....####.K##..##©#....#.
......©####....###....#.
.......)##......©.....#.
.......).............##.
......g@.............#
......g...#####..#####
...........# #..#
......####.# #.... #.....
.# #.#### ....## .# #.#
##.# .# #.


You could see a gnoll sergeant and a gnoll.

Vanquished Creatures
  Grinder (D:4)
  A black bear (D:5)
  A necrophage (D:5)
  A howler monkey (D:5)
  Crazy Yiuf (D:2)
  An iguana (D:5)
  3 gnolls (D:5)
  5 adders
  A white imp (D:3)
  2 worms
  3 dart slugs
  6 orcs (D:4)
  6 bats
  7 endoplasms
  6 giant cockroaches
  4 goblins
  5 hobgoblins
  4 kobolds
  2 quokkas
  8 ball pythons
  4 frilled lizards
  3 rats (D:3)
75 creatures vanquished.

Notes
Turn   | Place    | Note
-------+----------+-------------------------------------------
     0 | D:1      | KateP the Minotaur Fighter began the quest for the Orb.
     0 | D:1      | Reached XP level 1. HP: 19/19 MP: 0/0
    99 | D:1      | Reached skill level 3 in Long Blades
    99 | D:1      | Reached XP level 2. HP: 27/27 MP: 1/1
   204 | D:1      | Found a faded altar of an unknown god.
  1018 | D:2      | Found a runed translucent door.
  1019 | D:2      | Noticed Crazy Yiuf
  1044 | D:2      | Reached XP level 3. HP: 29/33 MP: 2/2
  1248 | D:2      | Reached skill level 4 in Long Blades
  1627 | D:2      | Killed Crazy Yiuf
  1628 | D:2      | Reached XP level 4. HP: 34/41 MP: 3/3
  2407 | D:3      | Found Rerou's Magic Scroll Shoppe.
  2564 | D:3      | Reached XP level 5. HP: 47/47 MP: 4/4
  2680 | D:4      | Got the Compendium of Monotheism
  2794 | D:4      | Reached skill level 5 in Long Blades
  2836 | D:4      | Noticed Grinder
  2853 | D:4      | Killed Grinder
  2854 | D:4      | Reached skill level 5 in Fighting
  2854 | D:4      | Reached skill level 6 in Long Blades
  2854 | D:4      | Reached skill level 5 in Armour
  2854 | D:4      | Reached XP level 6. HP: 4/56 MP: 5/5
  3161 | D:4      | Found a staircase to the Ecumenical Temple.
  3204 | Temple   | Entered the Ecumenical Temple
  3460 | Temple   | Became a worshipper of Ru the Awakened
  3486 | D:5      | Entered Level 5 of the Dungeon
  3653 | D:5      | Found a transporter.
  3658 | D:5      | Found a transporter.
  3662 | D:5      | Found a one-way gate to the infinite horrors of the Abyss.
  3662 | D:5      | Noticed Morbidden's ghost (novice NaEn)
  3668 | D:5      | Reached XP level 7. HP: 62/62 MP: 6/6
  3683 | D:5      | Reached skill level 7 in Long Blades
  3690 | D:5      | HP: 1/62 [gnoll sergeant/+2 vampiric spear (5)]
  3691 | D:5      | Slain by a gnoll

Illustrated notes

Levels and vault maps discovered:
D:1:      ncdulo_halloftheorcs, layout_loops_ring, basic_ecumenical_altar,
          hangedman_decor_push, st_stairs_14
D:2:      layout_rooms, minmay_strange_pillars, minmay_tripent,
          uniq_crazy_yiuf_cottage
D:3:      layout_loops_corners, serial_shops, nicolae_shop_crystal
D:4:      layout_cave_pods, minmay_temple_entry_tees, uniq_grinder
D:5:      layout_loops_ring, gammafunk_ghost_abyssal_escape,
          eino_small_chamber_without_monster, nicolae_shop_unique_rings
Temple:   dpeg_chambers_temple

Skill      XL: |  1  2  3  4  5  6  7 |
---------------+----------------------+-----
Long Blades    | 3 4 6 7 |  7.0
Fighting       | 4 5 |  5.8
Armour         | 4 5 |  5.8
Shields        | |  3.6

Action                   |  1- 3 |  4- 6 |  7- 9 || total
-------------------------+-------+-------+-------++-------
Melee: Long sword        |    96 |    82 |    14 ||   192
       Headbutt          |    14 |    12 |     6 ||    32
  Use: Potion            |       |     1 |     1 ||     2
Armor: Scale mail        |    50 |    38 |     6 ||    94
Dodge: Dodged            |    54 |    33 |     9 ||    96
Block: Buckler           |    24 |    13 |     4 ||    41

Table legend: (Time is in decaauts)
 A = Elapsed time spent in this place.
 B = Non-inter-level travel time spent in this place.
 C = Inter-level travel time spent in this place.
 D = Time resting spent in this place.
 E = Time spent auto-exploring this place.
 F = Levels seen in this place.
 G = Mean time per level.
                   A        B        C        D        E       F      G
               +--------+--------+--------+--------+--------+-----+--------+
         Total |   3731 |   3731 |      0 |    286 |   2768 |   6 |  621.8 |
       Dungeon |   3461 |   3461 |      0 |    286 |   2573 |   5 |  692.2 |
        Temple |    269 |    269 |      0 |      0 |    195 |   1 |  269.0 |
               +--------+--------+--------+--------+--------+-----+--------+

Top non-repeatable levels by time:
     D:1: 963 daAuts
     D:3: 904 daAuts
     D:2: 836 daAuts
     D:4: 550 daAuts
  Temple: 269 daAuts
     D:5: 207 daAuts
